 Dungeon Crawl Stone Soup version 0.31.0-12-g77e489cdc1 (webtiles) character file.

Game seed: 3465527300606459487

3915 spaghetti the Magician (level 10, -2/76 HPs)
             Began as a Mummy Summoner on Feb 25, 2024.
             Slain by a two-headed ogre
             ... wielding a +0 giant club
              (16 damage)
             ... on level 7 of the Dungeon.
             The game lasted 00:15:50 (7458 turns).

spaghetti the Magician (Mummy Summoner)             Turns: 7458, Time: 00:15:51

Health: -2/76      AC: 11    Str: 19    XL:     10   Next: 1%
Magic:  12/21      EV: 11    Int: 18    God:
Gold:   331        SH:  0    Dex: 12    Spells: 10/24 levels left

rFire   x . .        k - +3 dagger (distort)
rCold   + . .        (no shield)
rNeg    + + +        f - +4 ring mail
rPois   ∞            (no helmet)
rElec   .            (no cloak)
rCorr   .            m - +0 pair of gloves
SInv    .            e - +0 pair of boots
Will    +....        d - amulet of the acrobat
Stlth   +            a - +6 ring of strength
HPRegen 0.32/turn    (no ring)
MPRegen 0.17/turn

%: acrobat, faith
@: inugami summoned
A: cold resistance 1, negative energy resistance 3, torment resistance 2, heat
vulnerability 1, in touch with death 1, no potions, faith
a: no special abilities


You were on level 7 of the Dungeon.
You visited 1 branch of the dungeon, and saw 7 of its levels.
You also visited: Bailey.

You collected 331 gold pieces.

Inventory:

Hand Weapons
 b - a +0 trident
 i - a +3 dagger of speed
 k - a +3 dagger of distortion (weapon)
Missiles
 c - 3 throwing nets
Armour
 e - a +0 pair of boots (worn)
 f - a +4 ring mail (worn)
 m - a +0 pair of gloves (worn)
Magical Staves
 g - a staff of air
Jewellery
 a - a +6 ring of strength (left hand)
 d - an amulet of the acrobat (around neck)
 j - a ring of fire
Scrolls
 h - 2 scrolls of teleportation
 l - 5 scrolls of vulnerability
 n - 2 scrolls of summoning {unknown}
 o - a scroll of blinking


   Skills:
 + Level 6.2 Fighting
 + Level 4.1 Short Blades
 + Level 2.5 Armour
 + Level 3.1 Dodging
 - Level 1.5 Stealth
 + Level 7.9 Spellcasting
 + Level 6.2 Summonings
 + Level 2.0 Fire Magic
 + Level 4.4 Air Magic


You had 10 spell levels left.
You knew the following spells:

 Your Spells              Type           Power      Damage    Failure   Level
a - Summon Small Mammal   Summ           100%       N/A       1%          1
b - Call Imp              Summ           58%        N/A       1%          2
c - Call Canine Familiar  Summ           29%        N/A       3%          3
d - Summon Lightning Spi  Summ/Air       26%        N/A       19%         4
e - Summon Blazeheart Go  Fire/Summ      22%        N/A       30%         4

Your spell library contained the following spells:

 Spells                   Type           Power      Damage    Failure   Level
 Gell's Gravitas          Tloc           7%         N/A       45%         3
 Teleport Other           Tloc           7%         N/A       45%         3
 Dispersal                Tloc           3%         N/A       100%        6


Dungeon Overview and Level Annotations

Branches:
Dungeon (7/15)             Temple (0/1) D:6          Bailey (visited)

Altars:
Nemelex Xobeh
Qazlal
Vehumet
Wu Jian
Xom
Yredelemnul


Innate Abilities, Weirdness & Mutations

You are immune to poison.
Your flesh is cold resistant. (rC+)
You are immune to negative energy. (rN+++)
You are immune to unholy pain and torment.
You are vulnerable to heat. (rF-)
You are in touch with the powers of death.
You do not drink.
You have a special connection with the divine. (Faith)


Message History

The two-headed ogre hits you with a +0 giant club!!
The two-headed ogre closely misses you.
You are too injured to fight recklessly!
You are too injured to fight recklessly!
You are too injured to fight recklessly!
You are too injured to fight recklessly!
You are too injured to fight recklessly!
You are too injured to fight recklessly!
You are too injured to fight recklessly!
You are too injured to fight recklessly!
You are too injured to fight recklessly!
You are too injured to fight recklessly!
You are too injured to fight recklessly!
You are too injured to fight recklessly!
You are too injured to fight recklessly!
You are too injured to fight recklessly!
You are too injured to fight recklessly!
You are too injured to fight recklessly!
You are too injured to fight recklessly!
You are too injured to fight recklessly!
You are too injured to fight recklessly!
You are too injured to fight recklessly!
Casting: Summon Small Mammal (safe; 1% risk of failure)
Confirm with . or Enter, or press ? or * to list all spells.
An electric hum fills the air.
Casting: Summon Lightning Spire (dangerous; 19% risk of failure)
Confirm with . or Enter, or press ? or * to list all spells.
You call for your canine familiar and it appears with a howl!
The two-headed ogre hits you with a +0 giant club!!
The two-headed ogre hits you with a +0 giant club.
Your lightning spire shoots out a bolt of lightning at the two-headed ogre!
The bolt of electricity hits the two-headed ogre!
Casting: Call Canine Familiar (dangerous; 3% risk of failure)
Confirm with . or Enter, or press ? or * to list all spells.
A tiny devil pulls itself out of the air.
Your cerulean imp says, "I'm here!"
The two-headed ogre hits you with a +0 giant club!
* * * LOW HITPOINT WARNING * * *
The two-headed ogre hits you with a +0 giant club!
You die...

#..#.##.[####
########.#
##### #'## #.#
##h..###.z.#
#.# ##.z.zF#.##
#.###z#..z#o.)#
#.....#####...#
#o##..#5..#8.)#
#.####.h.O.#.##
#.# ##..@###.
#h# ##.###.# ..
#.# #...# ..#..
#.# #...#
..#### #.#
#...# ..# #.#
##.###.#. #.#
##...###. #.#
##.....# # #.#
#.#...#...#


You could see a two-headed ogre (ally target), a friendly lightning spire
(summoned), a friendly cerulean imp (summoned) and a friendly inugami
(summoned).

Vanquished Creatures
  A deep elf pyromancer (Bailey)
  A water moccasin (D:5)
  2 orc warriors (Bailey)
  A black bear (D:3)
  4 scorpions
  3 wights (D:7)
  4 nameless horrors
  A howler monkey (D:4)
  A jelly (D:5)
  4 hounds
  Terence (D:3)
  3 iguanas
  Natasha (D:3)
  7 adders
  A white imp (D:6)
  A dart slug (D:5)
  2 ribbon worms
  7 orcs
  7 bats
  7 endoplasms
  3 giant cockroaches
  10 goblins
  7 hobgoblins
  2 jackals
  A quokka (D:2)
  2 ball pythons (D:2)
  2 frilled lizards
  3 kobolds
  4 rats
93 creatures vanquished.

Vanquished Creatures (collateral kills)
  An orc knight (Bailey)
  A troll (D:6)
  A hornet (D:7)
  3 orc warriors (Bailey)
  2 ogres (D:5)
  2 bullfrogs (D:7)
  2 scorpions
  6 wights (D:7)
  2 bombardier beetles
  2 hounds (D:7)
  3 iguanas
  Natasha (twice) (D:3)
  2 orc wizards
  A dart slug (D:4)
  12 orcs
  2 bats
  2 endoplasms
  A giant cockroach (D:2)
  5 goblins
  A hobgoblin (D:1)
  A jackal (D:1)
  3 kobolds
  A ball python (D:1)
  A frilled lizard (D:2)
  2 rats (D:1)
61 creatures vanquished.

Vanquished Creatures (others)
  A blazeheart core (D:7)
1 creature vanquished.

Grand Total: 155 creatures vanquished

Notes
Turn   | Place    | Note
-------+----------+-------------------------------------------
     0 | D:1      | spaghetti the Mummy Summoner began the quest for the Orb.
     0 | D:1      | Reached XP level 1. HP: 13/13 MP: 4/4
   229 | D:1      | Reached skill level 3 in Spellcasting
   230 | D:1      | Reached XP level 2. HP: 20/20 MP: 3/6
   280 | D:1      | Reached skill level 1 in Fighting
   700 | D:1      | Learned a level 2 spell: Call Imp
   951 | D:1      | Reached XP level 3. HP: 25/26 MP: 7/7
   965 | D:1      | Learned a level 3 spell: Call Canine Familiar
  2113 | D:3      | Noticed Natasha
  2120 | D:3      | Killed Natasha
  2121 | D:3      | Reached XP level 4. HP: 28/33 MP: 9/9
  2223 | D:3      | Noticed Natasha
  2240 | D:3      | Killed Natasha
  2241 | D:3      | Reached skill level 4 in Spellcasting
  2266 | D:3      | Noticed Natasha
  2271 | D:3      | Killed Natasha
  2280 | D:3      | Learned a level 4 spell: Summon Lightning Spire
  2373 | D:3      | Noticed Terence
  2389 | D:3      | Killed Terence
  2390 | D:3      | Reached XP level 5. HP: 39/39 MP: 7/11
  2799 | D:3      | Found a sparkling altar of Nemelex Xobeh.
  2799 | D:3      | Found a stormy altar of Qazlal.
  2799 | D:3      | Found a basalt altar of Yredelemnul.
  2805 | D:3      | Found a radiant altar of Vehumet.
  2914 | D:3      | Noticed a black bear
  3048 | D:3      | Killed a black bear
  3049 | D:3      | Reached skill level 1 in Air Magic
  3049 | D:3      | Reached XP level 6. HP: 41/47 MP: 1/13
  3401 | D:3      | Found a faded altar of an unknown god.
  3800 | D:4      | Found a shimmering altar of Xom.
  4035 | D:4      | Reached skill level 5 in Spellcasting
  4372 | D:5      | Entered Level 5 of the Dungeon
  4378 | D:5      | Reached skill level 1 in Short Blades
  4378 | D:5      | Reached XP level 7. HP: 49/53 MP: 14/14
  4731 | D:5      | Reached skill level 6 in Spellcasting
  4731 | D:5      | Reached skill level 5 in Summonings
  4731 | D:5      | Reached XP level 8. HP: 57/61 MP: 15/17
  5207 | D:6      | Noticed a nameless horror
  5208 | D:6      | Noticed a nameless horror
  5216 | D:5      | Killed a nameless horror
  5327 | D:6      | Noticed a troll
  5357 | D:6      | Killed a troll
  5358 | D:6      | Reached skill level 5 in Fighting
  5537 | D:6      | Found a staircase to the Ecumenical Temple.
  5799 | D:6      | Found an ornate altar of the Wu Jian Council.
  5941 | D:7      | Found a flagged portal.
  5960 | Bailey   | Entered a bailey
  6113 | Bailey   | Reached skill level 7 in Spellcasting
  6148 | Bailey   | Reached skill level 1 in Armour
  6148 | Bailey   | Reached XP level 9. HP: 68/68 MP: 0/19
  6153 | Bailey   | Learned a level 4 spell: Summon Blazeheart Golem
  6346 | Bailey   | Found a large runed translucent door.
  6346 | Bailey   | Found a large runed translucent door.
  6347 | Bailey   | Noticed a deep elf pyromancer
  6348 | Bailey   | Noticed an orc knight
  6364 | Bailey   | Killed an orc knight
  6663 | Bailey   | Noticed a nameless horror
  6669 | Bailey   | Killed a nameless horror
  6676 | Bailey   | Killed a deep elf pyromancer
  6677 | Bailey   | Reached skill level 1 in Fire Magic
  6824 | Bailey   | Identified the +1 ring mail "Vonwiama" {rC+ Will+}
  7281 | D:7      | Noticed a nameless horror
  7288 | D:7      | Killed a nameless horror
  7363 | D:7      | Reached XP level 10. HP: 68/76 MP: 13/21
  7451 | D:7      | Noticed a two-headed ogre
  7458 | D:7      | Slain by a two-headed ogre

Illustrated notes

Levels and vault maps discovered:
D:1:      psy_arrival_terrarium, layout_basic
D:2:      layout_basic
D:3:      layout_basic, marbit_many_paths, minmay_overflow_temple_hex,
          chequers_ecumenical_altar_grove, minivault_23, uniq_natasha,
          uniq_terence
D:4:      layout_rooms, lemuel_tele_altar
D:5:      layout_cave_pools, st_stairs_9
D:6:      layout_rooms, nzn_wu_jian_contemplation,
          minmay_temple_entry_antechambers, serial_glass, glass_columns_c,
          glass_columns_a, glass_columns_c, glass_columns_c, glass_columns_b,
          glass_columns_b, glass_columns_c, glass_columns_b, feat_on_display,
          minmay_strange_pillars, feat_on_display
D:7:      nicolae_cairo_tiling, layout_gridville, enter_bailey_5,
          minmay_microvault

Skill      XL: |  1  2  3  4  5  6  7  8  9 |
---------------+----------------------------+-----
Spellcasting   | 3 4 5 6 7 |  7.9
Fighting       | 1 2 3 4 5 6 |  6.2
Summonings     | 4 5 6 |  6.2
Air Magic      | 1 2 3 4 |  4.4
Short Blades   | 1 2 3 4 |  4.1
Dodging        | 2 3 |  3.1
Armour         | 1 2 |  2.5
Fire Magic     | 2 |  2.0
Stealth        | |  1.5

Action                     |  1- 3 |  4- 6 |  7- 9 | 10-12 || total
---------------------------+-------+-------+-------+-------++-------
  Melee: Unarmed           |    64 |       |       |       ||    64
         Trident           |    68 |    40 |       |       ||   108
         Dagger            |       |    77 |   136 |     3 ||   216
         Punch             |       |     1 |     3 |       ||     4
   Cast: Summon Small Mamm |    44 |    13 |    20 |       ||    77
         Call Imp          |     6 |     8 |    17 |     1 ||    32
         Call Canine Famil |     2 |     9 |    16 |     1 ||    28
         Summon Lightning  |       |     1 |    21 |     1 ||    23
         Summon Blazeheart |       |       |     1 |       ||     1
    Use: Scroll            |     2 |     4 |     3 |       ||     9
   Stab: Sleeping          |     1 |       |       |       ||     1
         Distracted        |       |     1 |     2 |       ||     3
 Armour: Robe              |    92 |     1 |       |       ||    93
         Ring mail         |       |    95 |    71 |     6 ||   172
  Dodge: Dodged            |   118 |    81 |    87 |     4 ||   290
